 Dungeon Crawl Stone Soup version 0.21-a0-518-g43a1781 (webtiles) character file.

6266 4thArraOfDagon the Cleaver (level 10, -9/99 HPs)
             Began as a Minotaur Abyssal Knight on Dec 4, 2017.
             Was an Elder of Lugonu.
             Mangled by a minotaur
             ... wielding the +8 whip "Burch" {slash, *Contam Str+7}
              (13 damage)
             ... in a labyrinth.
             The game lasted 00:22:58 (4801 turns).

4thArraOfDagon the Cleaver (MiAK)                   Turns: 4801, Time: 00:22:59

Health: -9/99      AC: 12    Str: 19    XL:     10   Next: 62%
Magic:  8/15       EV: 15    Int: 12    God:    Lugonu [****..]
Gold:   630        SH:  0    Dex: 10    Spells: 7/9 levels left

rFire    . . .     SeeInvis .   e - +0 war axe
rCold    . . .     Gourm    .   (no shield)
rNeg     . . .     Faith    .   T - +0 troll leather armour
rPois    .         Spirit   .   i - +2 hat
rElec    .         Reflect  .   (no cloak)
rCorr    .         Harm     .   M - +0 pair of gloves
MR       .....                  h - +0 pair of boots
Stlth    +.........             (no amulet)
HPRegen  0.66/turn              t - +2 ring of protection
MPRegen  0.14/turn              m - +3 ring of evasion

@: no status effects
A: retaliatory headbutt, horns 2, talons 1, robust 1, shaggy fur 1, strong 1,
subdued magic 1
a: Depart the Abyss, Bend Space, Banish, Corrupt, Renounce Religion


You were in a labyrinth.
You worshipped Lugonu.
Lugonu was greatly pleased with you.
You were not hungry.

You visited 2 branches of the dungeon, and saw 12 of its levels.
You visited the Abyss 1 time.
You also visited: Labyrinth, Sewer and Bailey.

You collected 1162 gold pieces.
You spent 532 gold pieces at shops.

Inventory:

Hand Weapons
 a - a +1 hand axe
 e - a +0 war axe (weapon)
 I - the +2 long sword of Wyrd {drain, Stlth+}
   (You found it on level 7 of the Dungeon)

   A truly terrible weapon, it drains the life of those it strikes.
   It makes you more stealthy.
Missiles
 v - a throwing net (quivered)
Armour
 b - a +0 leather armour
 h - a +0 pair of boots (worn)
 i - a +2 hat (worn)
 o - a +0 ring mail
 u - a +0 scale mail
 E - the +0 ring mail "Pepoideg" {rElec rN+++ MR- MP-9}
   (You bought it in a shop on level 6 of the Dungeon)

   It insulates you from electricity.
   It renders you almost immune to negative energy.
   It affects your resistance to hostile enchantments.
   It affects your magic capacity (-9).
 M - a +0 pair of gloves (worn)
 P - a +1 ring mail of fire resistance
 T - a +0 troll leather armour (worn)
Jewellery
 m - a +3 ring of evasion (right hand)
 p - an uncursed ring of ice
 t - a +2 ring of protection (left hand)
 L - a +5 ring of intelligence
Wands
 k - a wand of paralysis (2)
 G - a wand of flame (17)
 H - a wand of disintegration (15)
 J - a wand of polymorph (2)
Scrolls
 f - a scroll of immolation {unknown}
 g - 6 scrolls of identify {unknown}
 n - 2 scrolls of magic mapping
 w - 2 scrolls of fear {unknown}
 x - a scroll of remove curse
 y - a scroll of random uselessness {unknown}
 A - 2 scrolls of teleportation
 D - a scroll of noise {unknown}
 F - 2 scrolls of enchant weapon {unknown}
 N - 2 scrolls of fog
 Q - a scroll of blinking {unknown}
 R - 2 scrolls of torment {unknown}
 S - a scroll of silence {unknown}
 U - 2 scrolls of vulnerability {unknown}
Potions
 q - 3 potions of curing
 r - a potion of resistance {unknown}
 s - a potion of haste
 z - 3 potions of flight
 B - 2 potions of heal wounds
 C - a potion of might {unknown}
 K - a potion of mutation {unknown}
 O - 3 potions of berserk rage {unknown}
Comestibles
 c - 7 bread rations
 d - 5 meat rations
 j - a royal jelly


   Skills:
 - Level 8.5 Fighting
 * Level 13.6 Axes
 - Level 4.0 Armour
 - Level 3.0 Dodging
 + Level 8.5 Invocations


You had 7 spell levels left.
You knew the following spells:

 Your Spells              Type           Power        Failure   Level  Hunger
a - Blink                 Tloc           N/A          45%         2    ###....


Dungeon Overview and Level Annotations

Branches:
Dungeon (10/15)            Temple (0/1) D:6             Orc (2/2) D:10
    Elf (0/3) Orc:2
   Lair: D:8-11

Altars:
Ashenzari
Fedhas
Kikubaaqudgha
Okawaru
Uskayaw
The Shining One
Beogh

Shops:
D:4 [   D:6 [   D:7 (   Orc:1 **%?*

Annotations:
D:3 Terence
D:7 Ratty's ghost, novice CeBe
Orc:1 corrupted Lab corrupted


Innate Abilities, Weirdness & Mutations

You reflexively headbutt those who attack you in melee.
You have a pair of horns on your head.
You have sharp toenails.
You are robust. (+10% HP)
You are covered in fur. (AC +1)
Your muscles are strong. (Str +2)
Your spells are a little easier to cast, but a little less powerful.


Message History

Unknown command.
The minotaur evokes its amulet.
The minotaur goes berserk!
Lugonu's Hand of Corruption reaches out!
You feel quite a bit more hungry. The minotaur misses you.
The minotaur completely misses you.
The minotaur hits you with a twisted whip {slash}!!!
The minotaur completely misses you.
Found an ogre skeleton.
Unknown command.
Unknown command.
Unknown command.
Unknown command.
The ynoxinul gestures.
Unknown command.
Unknown command.
You hear a bellow!
The minotaur hits you with a twisted whip {slash}!!
* * * LOW HITPOINT WARNING * * *
x2 The minotaur gores you!
You die...

# . .. # ##. ## #
.# . . . #.#
#.########## ## # .
.#...H ...# .# # #
# ######..#.# ..
#.#..E .x#.. # #.##
.#H#.#.3#.#.##5# .
. #.#..x2.@#..3.#
###
.#.#######H.##รท.#
.
.#...........5....
#
..###########.#####
#. .#. ... .. .
..5. . ##### # #
###.# ####### . . .
. ## ## #.### # .


You could see a minotaur (berserk), a neutral cacodemon (wandering), a neutral
earth elemental, a neutral smoke demon (wandering), 2 neutral small
abominations, a neutral iron imp and a neutral ufetubus.

Vanquished Creatures
  An unseen horror (Lab)
  3 humans (D:7)
  A yak (D:7)
  3 hogs (D:7)
  2 hungry ghosts (Lab)
  2 wargs (Orc:2)
  Duvessa (D:4)
  3 orc warriors
  2 black bears (D:7)
  3 ice beasts
  2 sky beasts
  3 phantoms
  6 ogres
  3 centaurs
  4 big kobolds
  2 bullfrogs
  Dowan (D:4)
  2 scorpions
  4 killer bees (D:9)
  4 howler monkeys
  A crimson imp (D:6)
  2 hounds
  A centaur zombie (D:9)
  3 orc priests
  10 orc wizards
  3 worker ants
  A worker ant zombie (D:8)
  11 adders
  A howler monkey skeleton (D:4)
  4 oozes
  An adder zombie (D:3)
  4 worms
  A dart slug (D:2)
  2 leopard geckos
  66 orcs
  5 giant cockroaches
  12 goblins
  3 hobgoblins
  5 jackals
  20 kobolds
  3 quokkas
  3 ball pythons
  5 bats
  3 frilled lizards
  7 rats
229 creatures vanquished.

Vanquished Creatures (others)
  2 two-headed ogres
  An orc high priest (Orc:1)
  An orc sorcerer (Orc:1)
  A hornet (D:9)
  2 trolls (Orc:1)
  2 wargs (Orc:1)
  A water moccasin (D:8)
  3 orc warriors (Orc:1)
  An ogre (D:7)
  2 orc priests (Orc:1)
  4 orc wizards (Orc:1)
  11 orcs (Orc:1)
31 creatures vanquished.

Grand Total: 260 creatures vanquished

Notes
Turn   | Place    | Note
-------+----------+-------------------------------------------
     0 | Abyss:1  | 4thArraOfDagon the Minotaur Abyssal Knight began the quest for the Orb.
     0 | Abyss:1  | Reached XP level 1. HP: 19/19 MP: 1/1
    66 | Abyss:1  | Noticed a rakshasa
    67 | D:1      | Escaped the Abyss
   153 | D:1      | Reached * piety under Lugonu
   175 | D:1      | Reached XP level 2. HP: 16/27 MP: 2/2
   245 | D:2      | Found a glowing golden altar of the Shining One.
   288 | D:2      | Reached skill level 3 in Axes
   335 | D:2      | Found a hide-covered altar of Uskayaw.
   356 | D:2      | Reached XP level 3. HP: 8/33 MP: 3/3
   383 | D:2      | Found a shattered altar of Ashenzari.
   481 | D:3      | Noticed Terence
   990 | D:2      | Reached ** piety under Lugonu
  1090 | D:3      | Reached XP level 4. HP: 40/40 MP: 2/4
  1095 | D:4      | Noticed Duvessa
  1095 | D:4      | Noticed Dowan
  1118 | D:4      | Killed Duvessa
  1118 | D:4      | Reached skill level 4 in Axes
  1118 | D:4      | Reached XP level 5. HP: 31/47 MP: 2/6
  1120 | D:4      | Killed Dowan
  1180 | D:4      | Found Utoussuc's Armour Shoppe.
  1209 | D:4      | Reached XP level 6. HP: 41/53 MP: 7/7
  1329 | D:4      | Reached skill level 5 in Axes
  1346 | D:5      | Entered Level 5 of the Dungeon
  1443 | D:5      | Reached skill level 5 in Fighting
  1481 | D:4      | Reached skill level 6 in Axes
  1481 | D:4      | Reached XP level 7. HP: 55/61 MP: 8/8
  1571 | D:5      | Reached *** piety under Lugonu
  1576 | D:5      | Found a blossoming altar of Fedhas.
  1736 | D:6      | Reached skill level 7 in Axes
  1741 | D:6      | magipi: hello
  1744 | D:6      | Found a staircase to the Ecumenical Temple.
  1851 | D:6      | Found a glowing drain.
  1855 | Sewer    | Entered a sewer
  2037 | Sewer    | Reached XP level 8. HP: 68/70 MP: 10/10
  2144 | D:6      | Found Ylerhasa's Antique Armour Shoppe.
  2150 | D:6      | Bought an encrusted ring mail for 198 gold pieces
  2160 | D:6      | Identified the cursed +0 ring mail "Pepoideg" {rElec rN+++ MR- MP-9} (You bought it in a shop on level 6 of the Dungeon)
  2281 | D:6      | magipi: +0 ring mail with mr-?
  2314 | D:7      | Noticed Ratty's ghost (novice CeBe)
  2347 | D:7      | Reached skill level 8 in Axes
  2372 | D:7      | Reached skill level 5 in Invocations
  2411 | D:7      | Reached skill level 9 in Axes
  2443 | D:7      | Reached **** piety under Lugonu
  2443 | D:7      | Reached XP level 9. HP: 24/79 MP: 1/12
  2459 | D:7      | Got an encrusted long sword
  2512 | D:7      | Reached skill level 10 in Axes
  2570 | D:7      | Gained mutation: You have sharp toenails. [mutagenic meat]
  2571 | D:7      | Gained mutation: You are resistant to hostile enchantments. (MR+) [mutagenic meat]
  2609 | D:7      | Found an iron altar of Okawaru.
  2774 | D:7      | Reached skill level 11 in Axes
  2777 | D:7      | Found Etirghex's Antique Weapon Shoppe.
  2789 | D:7      | Found a flagged portal.
  2796 | Bailey   | Entered a bailey
  2872 | D:7      | Identified the +2 long sword of Wyrd {drain, Stlth+} (You found it on level 7 of the Dungeon)
  2979 | D:8      | Reached ***** piety under Lugonu
  2992 | D:8      | Found a roughly hewn altar of Beogh.
  3305 | D:8      | Found Dukoyh's Armour Shoppe.
  3380 | D:9      | Found an ancient bone altar of Kikubaaqudgha.
  3401 | D:9      | Noticed Prince Ribbit
  3403 | D:9      | Noticed Prince Ribbit
  3403 | D:9      | Prince Ribbit changed into Prince Ribbit the ice beast
  3410 | D:9      | Killed Prince Ribbit the ice beast
  3518 | D:9      | Reached XP level 10. HP: 64/90 MP: 14/14
  3521 | D:9      | Reached skill level 12 in Axes
  3704 | D:9      | Learned a level 2 spell: Blink
  3758 | D:9      | Noticed a two-headed ogre
  3759 | D:9      | Banished a two-headed ogre
  3788 | D:9      | Gained mutation: Your spells are a little easier to cast, but a little less powerful. [mutagenic meat]
  3789 | D:9      | Lost mutation: You are resistant to hostile enchantments. (MR+) [mutagenic meat]
  3790 | D:9      | Gained mutation: You are robust. (+10% HP) [mutagenic meat]
  3791 | D:9      | Gained mutation: You are covered in fur. (AC +1) [mutagenic meat]
  3792 | D:9      | Gained mutation: Your muscles are strong. (Str +2) [mutagenic meat]
  3839 | D:9      | magipi: nice result
  3851 | D:10     | Entered Level 10 of the Dungeon
  3956 | D:10     | Found a staircase to the Orcish Mines.
  3976 | Orc:1    | Entered Level 1 of the Orcish Mines
  3976 | Orc:1    | Noticed an orc high priest
  3977 | Orc:1    | Corrupted Orc:1
  3977 | Orc:1    | Noticed a smoke demon
  3977 | Orc:1    | Noticed a quicksilver dragon
  3977 | Orc:1    | Noticed a smoke demon
  3977 | Orc:1    | Noticed a spatial maelstrom
  3977 | Orc:1    | Noticed a death knight
  3977 | Orc:1    | Noticed a worldbinder
  3977 | Orc:1    | Noticed a thrashing horror
  3977 | Orc:1    | Noticed an orange demon
  3977 | Orc:1    | Noticed a sun demon
  3978 | Orc:1    | Noticed an orc sorcerer
  3978 | Orc:1    | Noticed a starcursed mass
  3979 | Orc:1    | Noticed a rust devil
  3981 | Orc:1    | Noticed an Executioner
  3982 | Orc:1    | Noticed a worldbinder
  3982 | Orc:1    | Noticed a death knight
  3982 | Orc:1    | Killed an orc high priest
  3985 | Orc:1    | Killed an orc sorcerer
  3993 | Orc:1    | Killed a two-headed ogre
  4009 | Orc:1    | Found Honefrem's Assorted Antiques.
  4025 | Orc:1    | Bought a scroll labeled YSEOV WYHEVIU for 34 gold pieces
  4025 | Orc:1    | Bought a scroll labeled YSEOV WYHEVIU for 34 gold pieces
  4025 | Orc:1    | Bought a scroll labeled XOYBOU JISIMMY for 34 gold pieces
  4078 | Orc:1    | Found Oxeelewile's Food Shoppe.
  4080 | Orc:1    | Noticed a starcursed mass
  4086 | Orc:1    | Found Kuubav's Magic Scroll Boutique.
  4094 | Orc:1    | Bought a scroll of magic mapping for 56 gold pieces
  4094 | Orc:1    | Bought a scroll of magic mapping for 56 gold pieces
  4238 | Orc:1    | Found Ceuming's General Store.
  4239 | Orc:1    | Found Megad Kysu's Assorted Antiques.
  4247 | Orc:1    | Bought a scroll labeled JUKEED TIFIFO for 25 gold pieces
  4247 | Orc:1    | Bought 2 metallic amethyst potions for 45 gold pieces
  4247 | Orc:1    | Bought a scroll labeled JUKEED TIFIFO for 25 gold pieces
  4247 | Orc:1    | Bought a scroll labeled YSEOV WYHEVIU for 25 gold pieces
  4313 | Orc:2    | Entered Level 2 of the Orcish Mines
  4315 | Orc:2    | magipi: so many stuff to buy :D
  4333 | Orc:2    | Reached skill level 13 in Axes
  4358 | Orc:2    | Found a labyrinth entrance.
  4365 | Lab      | Entered a labyrinth
  4688 | Lab      | Killed an unseen horror
  4778 | Lab      | Noticed a minotaur
  4799 | Lab      | Corrupted Lab
  4800 | Lab      | Noticed a smoke demon
  4800 | Lab      | Noticed a cacodemon
  4801 | Lab      | HP: 4/99 [minotaur/twisted whip {slash} (11)]
  4801 | Lab      | Identified the +8 whip "Burch" {slash, *Contam Str+7}
  4801 | Lab      | Mangled by a minotaur

Vault maps used:
D:1:      lightli_arrival_noodles
D:2:      eat_drink_and_be_merry_uskayaw, marbit_many_paths, lemuel_round_altar,
          tso_altar, first_bread
D:3:      chequers_ecumenical_altar_grove, trog_eyes_of_draining, uniq_terence
D:4:      serial_shops, shop_fountains, uniq_duvessa
D:5:      fedhas_altar_2
D:6:      minmay_temple_entry_trees, gup_sewer_entry_spiral, serial_shops,
          nicolae_shop_stone, serial_bayou_ford_a
D:7:      okawaru_humans, serial_shops, shop, enter_bailey_3, grunt_livestock
D:8:      special_room, serial_shops, nicolae_shop_window_shopping
D:9:      lair_entry_dummy, basic_altar, uniq_prince_ribbit1
D:10:     hiddenorc1_lemuel, serial_shops,
          nicolae_shop_competitors_out_of_business
Orc:1:    serial_shops, shop_fountains, shop, shop, nicolae_shop_stone,
          nicolae_shop_window_shopping
Orc:2:    st_orc_elflike, serial_shops, nicolae_shop_window_shopping,
          lab_entry_generic
Lab:      labyrinth_spiral, nicolae_lab_hexagon, labyrinth_skeletal_remains,
          nicolae_lab_do_over, nicolae_lab_lava, nicolae_lab_big_swirl
Sewer:    kennysheep_pipe_town
Bailey:   bailey_polearm_flooded_kennysheep, bailey

Skill      XL: |  1  2  3  4  5  6  7  8  9 10 |
---------------+-------------------------------+-----
Invocations    | 2 3 4 5 7 8 |  8.5
Axes           | 3 4 6 7 9 11 13 | 13.6
Fighting       | 4 5 6 7 8 |  8.5
Armour         | 3 4 |  4.0
Dodging        | 2 3 |  3.0

Action                   |  1- 3 |  4- 6 |  7- 9 | 10-12 || total
-------------------------+-------+-------+-------+-------++-------
Melee: Hand axe          |    73 |    43 |       |       ||   116
       Headbutt          |     7 |    19 |    60 |    20 ||   106
       War axe           |       |    37 |   342 |   167 ||   546
Invok: Depart the Abyss  |     1 |       |       |       ||     1
       Banish            |       |       |     2 |     2 ||     4
       Corrupt           |       |       |       |     2 ||     2
Evoke: Wand              |       |     4 |     7 |     5 ||    16
  Use: Potion            |     1 |     1 |     7 |       ||     9
       Scroll            |       |     2 |     4 |     1 ||     7
 Stab: Paralysed         |       |    16 |    11 |       ||    27
       Sleeping          |       |     1 |       |       ||     1
  Eat: Bread ration      |       |     1 |       |       ||     1
       Fruit             |       |       |    10 |     3 ||    13
       Chunk             |       |       |     3 |     6 ||     9
       Royal jelly       |       |       |       |     4 ||     4
Armor: Leather armour    |    21 |       |       |       ||    21
       Ring mail         |     3 |    26 |    54 |    28 ||   111
       Scale mail        |       |     3 |    98 |       ||   101
       Troll leather arm |       |       |       |    45 ||    45
Dodge: Dodged            |    44 |    39 |   213 |    93 ||   389

Table legend:
 A = Spawn XP
 B = Non-spawn XP
 C = Spawn XP percentage of total XP
 D = Spawn monster count
 E = Non-spawn monster count
 F = Spawn count percentage of total count
 G = Total turns spent on level
                    A         B        C        D         E        F      G
               +---------+---------+-------+---------+---------+-------+---------
         Total |       0 |    8952 |   0.0 |       0 |     233 |   0.0 |  4801
               +---------+---------+-------+---------+---------+-------+---------
           D:1 |       0 |      17 |   0.0 |       0 |      10 |   0.0 |   243
           D:2 |       0 |      65 |   0.0 |       0 |      19 |   0.0 |   686
           D:3 |       0 |      16 |   0.0 |       0 |       6 |   0.0 |    99
           D:4 |       0 |     459 |   0.0 |       0 |      15 |   0.0 |   293
           D:5 |       0 |     463 |   0.0 |       0 |      21 |   0.0 |   291
           D:6 |       0 |     286 |   0.0 |       0 |      12 |   0.0 |   454
           D:7 |       0 |    2839 |   0.0 |       0 |      41 |   0.0 |   611
           D:8 |       0 |     701 |   0.0 |       0 |      31 |   0.0 |   433
           D:9 |       0 |    1995 |   0.0 |       0 |      23 |   0.0 |   478
          D:10 |       0 |     270 |   0.0 |       0 |      22 |   0.0 |   125
         Orc:2 |       0 |     587 |   0.0 |       0 |       6 |   0.0 |    52
           Lab |       0 |    1030 |   0.0 |       0 |       3 |   0.0 |   436
         Sewer |       0 |     224 |   0.0 |       0 |      24 |   0.0 |   193
               +---------+---------+-------+---------+---------+-------+---------
